 Dungeon Crawl Stone Soup version 0.19-a0-1081-g506d7b7 (webtiles) character file.

427 Deeps the Firebug (level 6, -8/49 HPs)
             Began as a Draconian Fire Elementalist on Aug 6, 2016.
             Mangled by Grinder (9 damage)
             ... while paralysed by Grinder
             ... on level 3 of the Dungeon on Aug 7, 2016.
             The game lasted 00:15:07 (4513 turns).

Deeps the Firebug (Draconian Fire Elementalist)     Turns: 4513, Time: 00:15:07

Health: -8/49      AC:  6    Str: 11    XL:     6   Next: 65%
Magic:  5/9        EV:  2    Int: 17    God:
Gold:   194        SH:  0    Dex: 11    Spells: 3 memorised, 1 level left

rFire  + . .     SeeInvis .     (no weapon)
rCold  . . .     Gourm    .     (armour unavailable)
rNeg   . . .     Faith    .     (no shield)
rPois  .         Spirit   .     (helmet restricted)
rElec  .         Dismiss  .     (no cloak)
rCorr  .         Reflect  .     (no gloves)
SustAt .         Harm     .     (no boots)
MR     .....                    (no amulet)
Stlth  ++........               s - +3 ring of slaying
                                m - ring of protection from fire

@: paralysed
A: unfitting armour, robust 1, slow regeneration 1, evolution 1, cold-blooded,
AC +6
a: no special abilities


You were on level 3 of the Dungeon.
You were not hungry.

You visited 1 branch of the dungeon, and saw 3 of its levels.

You collected 194 gold pieces.

Inventory:

Jewellery
 m - a ring of protection from fire (left hand)
 s - a +3 ring of slaying (right hand)
Wands
 e - a wand of iceblast (6/15)
Scrolls
 d - a scroll of teleportation {unknown}
 f - 2 scrolls of remove curse
 g - 3 scrolls of identify
 j - a scroll of amnesia
 l - a scroll of blinking
Potions
 c - a potion of might
 h - a potion of haste
 i - 2 potions of lignification
 k - 2 potions of degeneration {unknown}
 p - a potion of heal wounds {unknown}
Books
 a - a book of Flames

   Spells                             Type                      Level
   a - Flame Tongue                   Conjuration/Fire             1
   b - Throw Flame                    Conjuration/Fire             2
   c - Conjure Flame                  Conjuration/Fire             3
   d - Inner Flame                    Hexes/Fire                   3
   e - Sticky Flame                   Conjuration/Fire             4
   f - Fireball                       Conjuration/Fire             5
Comestibles
 b - 2 bread rations
 n - 2 meat rations
 o - 4 fruits
 q - a beef jerky
 r - a chunk of flesh


   Skills:
 - Level 1.8 Dodging
 - Level 1.7 Stealth
 - Level 2.0 Spellcasting
 + Level 4.7 Conjurations
 + Level 5.8 Fire Magic


You had one spell level left.
You knew the following spells:

 Your Spells              Type           Power        Failure   Level  Hunger
a - Flame Tongue          Conj/Fire      ###..        2%          1    #......
b - Sticky Flame          Conj/Fire      ###.....     24%         4    #####..
c - Conjure Flame         Conj/Fire      ###.....     10%         3    ###....


Dungeon Overview and Level Annotations

Branches:
Dungeon (3/15)

Altars:
Nemelex Xobeh
Ru

Annotations:
D:3 Grinder, Natasha


Innate Abilities, Weirdness & Mutations

Your plain brown scales are hard. (AC +6)
Your body does not fit into most forms of armour.
You are cold-blooded and may be slowed by cold attacks.
You are robust. (+10% HP)
You regenerate slowly when monsters are visible.
You evolve.


Message History

Grinder burns!
Grinder stops burning.
Grinder hits you.
You writhe in agony.
Natasha, Servant of Life and Death comes into view.
Grinder gestures at you.
You suddenly lose the ability to move!
Natasha hisses angrily.
Grinder gestures at you. Pain shoots through your body! Grinder hits you.
You writhe in agony.
Natasha claws you!
* * * LOW HITPOINT WARNING * * *
Grinder hits you.
* * * LOW HITPOINT WARNING * * *
Natasha claws you!
* * * LOW HITPOINT WARNING * * *
Grinder hits you.
* * * LOW HITPOINT WARNING * * *
You writhe in agony.
* * * LOW HITPOINT WARNING * * *
Natasha barely misses you. Grinder hits you!
You die...

*,,≈......,*,.# *,,≈,.....,*,.##
*,≈≈≈≈...####..# #..≈.......#...#
# #..≈...#...#...# #
*..≈≈≈'#'###...# #
*#.....#.....#,* #
#...._#..5..#,*** #
#...#####@..#,,,* ##
########.....#.)h..#,,,***** #.
.......#.....#..†..#,,,,,,,** #.
#######..###'#'###....<,,,,,* #.
#..#...#...#...##,,,,,* #.
##..#...)...#...#*,,,,,* #.
#.)####...####.##*,,,,,* ##
######...#.......#,.#*****,,*****
.........#.......#,..,,,,,,,,,,,,


You could see Grinder and Natasha.

Vanquished Creatures
  A sky beast (D:3)
  An orc priest (D:3)
  2 orc wizards (D:3)
  Natasha (D:3)
  Robin (D:3)
  3 gnolls (D:3)
  6 adders
  An ooze (D:3)
  3 dart slugs
  2 worms (D:2)
  3 giant geckos
  7 orcs (D:3)
  4 giant cockroaches
  12 goblins
  15 hobgoblins
  8 jackals
  8 kobolds
  2 quokkas (D:2)
  9 bats
  2 giant newts
  13 rats
104 creatures vanquished.

Vanquished Creatures (others)
  A rat (D:1)
1 creature vanquished.

Grand Total: 105 creatures vanquished

Notes
Turn   | Place    | Note
-------+----------+-------------------------------------------
     0 | D:1      | Deeps the Draconian Fire Elementalist began the quest for the Orb.
     0 | D:1      | Reached XP level 1. HP: 14/14 MP: 3/3
   159 | D:1      | Reached XP level 2. HP: 13/20 MP: 0/5
   657 | D:1      | Found a sparkling altar of Nemelex Xobeh.
   919 | D:1      | Reached XP level 3. HP: 26/26 MP: 1/6
  1384 | D:2      | Reached skill level 4 in Fire Magic
  1743 | D:2      | Reached XP level 4. HP: 26/33 MP: 2/7
  1841 | D:2      | Learned a level 4 spell: Sticky Flame
  2594 | D:3      | Noticed Robin
  2617 | D:3      | Killed Robin
  2825 | D:3      | Reached XP level 5. HP: 38/38 MP: 2/8
  2980 | D:3      | Found a faded altar of an unknown god.
  3269 | D:3      | Reached skill level 5 in Fire Magic
  3692 | D:3      | Reached XP level 6. HP: 45/45 MP: 7/9
  4172 | D:3      | Noticed Natasha
  4174 | D:3      | Noticed a sky beast
  4183 | D:3      | Killed Natasha
  4272 | D:3      | Killed a sky beast
  4284 | D:3      | Gained mutation: You regenerate slowly when monsters are visible. [mutagenic meat]
  4287 | D:3      | Gained mutation: You evolve. [mutagenic meat]
  4290 | D:3      | Gained mutation: You are robust. (+10% HP) [mutagenic meat]
  4360 | D:3      | Found a sacrificial altar of Ru.
  4479 | D:3      | Learned a level 3 spell: Conjure Flame
  4498 | D:3      | Noticed Grinder
  4507 | D:3      | Noticed Natasha
  4507 | D:3      | Paralysed by Grinder for 7 turns
  4512 | D:3      | HP: 1/49 [Grinder (2)]
  4513 | D:3      | Mangled by Grinder

Vault maps used:
D:1:      minmay_arrival_four_loops, columned_hall_lemuel, st_stairs_9,
          nemelex_altar_shiori
D:2:      wad_crossroads
D:3:      hangedman_ru_absence, ecumenical_altar_2, uniq_grinder, uniq_robin,
          uniq_natasha

Skill      XL: |  1  2  3  4  5 |
---------------+----------------+-----
Conjurations   | 2 3 4 |  4.7
Fire Magic     | 4 5 |  5.8
Dodging        | |  1.8
Stealth        | |  1.7
Spellcasting   | |  2.0

Action                   |  1- 3 |  4- 6 || total
-------------------------+-------+-------++-------
Melee: Unarmed           |     3 |    46 ||    49
       Tailslap          |       |     5 ||     5
 Cast: Flame Tongue      |    75 |   119 ||   194
       Sticky Flame      |       |     5 ||     5
  Use: Potion            |       |     4 ||     4
       Scroll            |       |     7 ||     7
  Eat: Chunk             |     2 |    16 ||    18
       Beef jerky        |     1 |       ||     1
Armor: Skin              |    38 |    34 ||    72
Dodge: Dodged            |    70 |    75 ||   145
